 Dungeon Crawl Stone Soup version 0.31.0-32-g396128a36d (webtiles) character file.

Game seed: 3136722761677856618

4804 OrcaOracle the Reanimator (level 10, 0/74 (85) HPs)
             Began as a Demonspawn Necromancer on Mar 20, 2024.
             Was a Follower of Ru.
             Succumbed to an orc's poison
             ... on level 8 of the Dungeon.
             The game lasted 00:16:12 (8739 turns).

OrcaOracle the Reanimator (Demonspawn Necromancer)  Turns: 8739, Time: 00:16:13

HP:   0/74 (85)     AC:  5    Str:  9    XL:     10   Next: 24%
MP:   2/16          EV: 12    Int: 26    God:    Ru [*.....]
Gold: 308           SH:  0    Dex: 13    Spells: 11/16 levels left

rFire   . . .        y - +4 dagger (freeze)
rCold   . . .        (no shield)
rNeg    . . .        a - +0 robe
rPois   .            (helmet restricted)
rElec   .            (no cloak)
rCorr   .            n - +2 pair of gloves
SInv    .            (no boots)
Will    .....        u - amulet of guardian spirit
Stlth   ++           I - +6 ring of intelligence
HPRegen 0.32/turn    Y - +4 ring of slaying
MPRegen 0.15/turn

%: guardian spirit
@: lethally poisoned (0 -> -9), heavily drained
A: hooves 2, horns 1, spiny 1, unskilled 1, weakness stinger 1
a: Renounce Religion


You were on level 8 of the Dungeon.
You worshipped Ru.
Ru was aware of your devotion.
You visited 2 branches of the dungeon, and saw 9 of its levels.

You collected 308 gold pieces.


Innate Abilities, Weirdness & Mutations

You have hoof-like feet.
You have a pair of small horns on your head.
You are partially covered in sharp spines.
You are somewhat unskilled. (-1 Apt)
You have a small tail.


   Skills:
 + Level 9.9 Fighting
 - Level 1.7 Dodging
 - Level 1.8 Stealth
 - Level 3.6 Spellcasting
 - Level 10.1 Necromancy
 - Level 2.6 Evocations


You had 11 spell levels left.
You knew the following spells:

 Your Spells              Type           Power      Damage    Failure   Level
a - Animate Dead          Necr           55%        N/A       1%          4
X - Necrotise             Necr           100%       1d9       1%          1

Your spell library contained the following spells:

 Spells                   Type           Power      Damage    Failure   Level
 Vampiric Draining        Necr           55%        2d9       1%          3
 Curse of Agony           Necr           55%        N/A       3%          5
 Freeze                   Ice            16%        1d4       9%          1
 Slow                     Hex            16%        N/A       9%          1
 Sting                    Conj/Alch      16%        1d4       9%          1
 Mercury Vapours          Alch/Air       8%         N/A       14%         2
 Confusing Touch          Hex            4%         N/A       26%         3
 Dazzling Flash           Conj/Hex       8%         N/A       26%         3
 Frozen Ramparts          Ice            8%         1d2       26%         3
 Hailstorm                Conj/Ice       4%         3d5       26%         3
 Sigil of Binding         Hex            4%         N/A       26%         3
 Volatile Blastmotes      Fire/Tloc      8%         2d10      26%         3
 Olgreb's Toxic Radiance  Alch           4%         N/A       65%         4
 Starburst                Conj/Fire      2%         6d3       100%        6
 Maxwell's Capacitive Co  Air            2%         ∞         100%        8

Inventory:

Hand Weapons
 c - a +0 dagger
 v - a +0 dagger of protection
 y - a +4 dagger of freezing (weapon)
Missiles
 j - 11 poisoned darts
Armour
 a - a +0 robe (worn)
 f - a +0 helmet
 n - a +2 pair of gloves (worn)
 x - a +0 hat
Jewellery
 u - an amulet of guardian spirit (around neck)
 F - a ring of fire
 I - a +6 ring of intelligence (left hand)
 W - a ring of willpower
 Y - a +4 ring of slaying (right hand)
Wands
 l - a wand of charming (14)
Scrolls
 e - 5 scrolls of teleportation {unknown}
 g - 2 scrolls of vulnerability {unknown}
 h - 2 scrolls of revelation {unknown}
 i - 7 scrolls of identify {unknown}
 q - 2 scrolls of immolation {unknown}
 r - 2 scrolls of fear {unknown}
 s - a scroll of enchant armour {unknown}
 w - a scroll of blinking {unknown}
Potions
 b - 2 potions of magic
 d - 3 potions of heal wounds {unknown}
 k - a potion of haste {unknown}
 m - 2 potions of lignification {unknown}
 o - 2 potions of mutation {unknown}
 p - 6 potions of curing {unknown}
 t - 2 potions of cancellation {unknown}
 z - a potion of berserk rage {unknown}

Dungeon Overview and Level Annotations

Branches:
Dungeon (8/15)             Temple (1/1) D:6
   Lair: D:8-11

Altars:
Ashenzari
Cheibriados
Dithmenos
Fedhas
Gozag
Hepliaklqana
Kikubaaqudgha
Makhleb
Nemelex Xobeh
Okawaru
Qazlal
Ru
Trog
Uskayaw
Vehumet
Wu Jian
Xom
Yredelemnul

Shops:
D:4 (

Annotations:
D:6 exclusion: electric eel
D:7 Jeremiah

#### ######### .).#
#........ ##.# ##@####
##.########## #.Yo<(#####.#.
....†.....#.###F###[))......
....)..##...†...# #.#####.#.
##.###.####.###.###/# #.#
#.####.###....)).# #.#
#.#...)).[.......... #.#
#.#.......#.#.#Y.#### #.#
#..P.P......#.#..#


You could see an elephant, a bullfrog and an orc.


Message History

The orc hits you from afar with a +2 trident of venom!
* * * LOW HITPOINT WARNING * * *
You are more poisoned.
The bullfrog hits you but does no damage.
The elephant is struck by your spines.
The elephant tramples you but does no damage.
The elephant trunk-slaps you.
* * * LOW HITPOINT WARNING * * *
You hit the elephant. You freeze the elephant.
You kick the elephant, but do no damage.
You tail-slap the elephant, but do no damage.
The elephant is almost dead.
* * * LOW HITPOINT WARNING * * *
You feel very sick.
You redirect the bullfrog's attack!
The bullfrog misses itself.
The orc misses you. The elephant is struck by your spines.
The elephant tramples you!
* * * LOW HITPOINT WARNING * * *
You hold your ground!
The elephant misses you.
You hit the elephant but do no damage. You kick the elephant.
You headbutt the elephant, but do no damage.
The elephant is almost dead.
* * * LOW HITPOINT WARNING * * *
You feel very sick. The bullfrog hits you.
* * * LOW HITPOINT WARNING * * *
The orc closely misses you. The bullfrog is struck by your spines.
The bullfrog hits you but does no damage.
The elephant barely misses you. The elephant closely misses you.
You die...

Skill      XL: |  1  2  3  4  5  6  7  8  9 10 |
---------------+-------------------------------+-----
Dodging        | 2 1 |  1.7
Stealth        | 2 1 |  1.8
Fighting       | 1 2 3 4 5 6 9 |  9.9
Spellcasting   | 3 4 3 |  3.6
Necromancy     | 5 7 9 10 11 10 | 10.1
Evocations     | 3 2 |  2.6

Action                     |  1- 3 |  4- 6 |  7- 9 | 10-12 || total
---------------------------+-------+-------+-------+-------++-------
  Melee: Dagger            |   153 |   150 |   243 |    59 ||   605
         Kick              |    34 |    46 |    89 |    31 ||   200
         Punch             |     2 |       |     4 |     1 ||     7
         Headbutt          |       |       |    63 |    25 ||    88
         Tailslap          |       |       |    17 |    10 ||    27
   Cast: Necrotise         |     7 |     6 |       |       ||    13
         Animate Dead      |       |       |     4 |     1 ||     5
 Invoke: Sacrifice Skill   |       |       |       |     1 ||     1
  Evoke: Wand              |       |       |     4 |       ||     4
   Stab: Sleeping          |     4 |    12 |     4 |       ||    20
         Distracted        |       |       |     3 |       ||     3
 Armour: Robe              |    84 |   111 |   164 |    50 ||   409
  Dodge: Dodged            |   103 |   113 |   124 |    57 ||   397

Levels and vault maps discovered:
D:1:      spicycebolla_arrival_xxxplode, layout_loops_ring
D:2:      layout_basic, ebering_ecumenical_altar_petrified, hex_large
D:3:      layout_loops_ring, kennysheep_vampire_church,
          nicolae_wu_jian_immortal_techniques
D:4:      layout_cave_pools, old_standard_altar, doesnt_xom_only_xom,
          nicolae_dithmenos_the_darkroom, serial_shops, nicolae_stop_n_shop_1,
          serial_co_window_serial, co_window_paths_a, co_window_paths_a,
          co_window_paths_b, co_window_paths_a, co_window_paths_a,
          co_window_corner_a, co_window_paths_a, co_window_broadway_a,
          co_window_broadway_a, co_window_corner_cb, co_window_broadway_b,
          co_window_paths_c, co_window_corner_ca, glass_columns_b,
          glass_columns_b, glass_columns_a, glass_columns_b
D:5:      layout_loops_ring, nemelex_dance_club_becter
D:6:      layout_loops_ring, worldfamousw_hep_ancestral_shrine, temple_statues,
          serial_bayou, serial_bayou_pond_d, serial_bayou_crossing,
          serial_bayou_pond_d, serial_bayou_ford_a, serial_bayou_pond_c,
          serial_bayou_shore_b
D:7:      lemuel_castle_with_subvaults [lemuel_castle_interior_carwin_2],
          layout_loops_cross, okawaru_metal_pillars_3, uniq_jeremiah
D:8:      layout_loops_ring, grunt_lair_entry_orc_guard_hut, enter_bailey_3
Temple:   nicolae_temple_ecumenical_triangle

Notes
Turn   | Place    | Note
-------+----------+-------------------------------------------
     0 | D:1      | OrcaOracle the Demonspawn Necromancer began the quest for
                  | the Orb.
     0 | D:1      | Reached XP level 1. HP: 13/13 MP: 3/3
     2 | D:1      | You fall into a shaft and drop 1 floor!
   251 | D:2      | Reached skill level 2 in Dodging
   251 | D:2      | Reached skill level 2 in Stealth
   271 | D:2      | You feel monstrous as your demonic heritage exerts itself.
   271 | D:2      | Discovered your monstrous ancestry.
   271 | D:2      | Gained mutation: You have large cloven feet. [demonic
                  | ancestry]
   271 | D:2      | Reached XP level 2. HP: 15/19 MP: 5/5
   518 | D:1      | Reached skill level 1 in Fighting
   685 | D:1      | Reached XP level 3. HP: 27/27 MP: 6/6
   713 | D:1      | Reached skill level 2 in Fighting
  1535 | D:2      | Found a faded altar of an unknown god.
  1598 | D:2      | Reached XP level 4. HP: 34/34 MP: 7/7
  2626 | D:3      | Found an ancient bone altar of Kikubaaqudgha.
  2636 | D:3      | Reached skill level 3 in Fighting
  2636 | D:3      | Reached skill level 3 in Spellcasting
  2636 | D:3      | Reached skill level 5 in Necromancy
  2636 | D:3      | Gained mutation: You are partially covered in sharp spines.
                  | [demonic ancestry]
  2636 | D:3      | Reached XP level 5. HP: 41/41 MP: 9/9
  2648 | D:3      | Learned a level 4 spell: Animate Dead
  2759 | D:3      | Found an ornate altar of the Wu Jian Council.
  2798 | D:4      | Found Haepar's Antique Weapon Emporium.
  2850 | D:4      | Found a snail-covered altar of Cheibriados.
  3021 | D:4      | Reached skill level 4 in Fighting
  3069 | D:4      | Found a shadowy altar of Dithmenos.
  3375 | D:4      | Reached XP level 6. HP: 48/48 MP: 7/10
  3413 | D:4      | Found a stormy altar of Qazlal.
  3480 | D:4      | Found a shimmering altar of Xom.
  3480 | D:4      | Found a shimmering altar of Xom.
  3487 | D:4      | Found a stormy altar of Qazlal.
  3487 | D:4      | Found an iron altar of Okawaru.
  3812 | D:5      | Entered Level 5 of the Dungeon
  3886 | D:5      | Reached skill level 6 in Necromancy
  3938 | D:5      | Reached skill level 7 in Necromancy
  3971 | D:5      | Gained mutation: You have a pair of small horns on your
                  | head. [demonic ancestry]
  3971 | D:5      | Reached XP level 7. HP: 46/54 MP: 9/11
  4050 | D:5      | Reached skill level 8 in Necromancy
  4116 | D:5      | Found a sparkling altar of Nemelex Xobeh.
  4190 | D:5      | Reached skill level 9 in Necromancy
  4692 | D:6      | Reached skill level 5 in Fighting
  4692 | D:6      | Reached XP level 8. HP: 54/63 MP: 9/12
  4841 | D:6      | Reached skill level 6 in Fighting
  5106 | D:6      | Found a staircase to the Ecumenical Temple.
  5114 | Temple   | Entered the Ecumenical Temple
  5154 | Temple   | Became a worshipper of Ru the Awakened
  5206 | D:6      | Reached skill level 1 in Evocations
  5403 | D:6      | Reached skill level 2 in Evocations
  6030 | D:6      | Found a hazy altar of Hepliaklqana.
  6165 | D:6      | Reached skill level 3 in Evocations
  6340 | D:7      | Reached skill level 10 in Necromancy
  6402 | D:7      | Gained mutation: You have a small tail. [demonic ancestry]
  6402 | D:7      | Reached XP level 9. HP: 56/71 MP: 12/14
  6461 | D:7      | Noticed a cyclops
  6472 | D:7      | Reached skill level 4 in Spellcasting
  6486 | D:7      | Killed a cyclops
  6487 | D:7      | Reached skill level 7 in Fighting
  6488 | D:7      | Reached skill level 8 in Fighting
  6682 | D:7      | Reached skill level 11 in Necromancy
  6768 | D:7      | Noticed Jeremiah
  7042 | D:7      | Found an iron altar of Okawaru.
  7218 | D:7      | Reached skill level 9 in Fighting
  7647 | D:8      | Noticed a komodo dragon
  7658 | D:8      | HP: 7/78 [orc warrior/+0 long sword (2)]
  7664 | D:8      | Gained mutation: You have hoof-like feet. [demonic
                  | ancestry]
  7664 | D:8      | Reached XP level 10. HP: 8/85 MP: 2/16
  7666 | D:7      | Gained mutation: You are somewhat unskilled. (-1 Apt) [Ru
                  | sacrifice]
  7666 | D:7      | Reduced skill Dodging to level 1
  7666 | D:7      | Reduced skill Stealth to level 1
  7666 | D:7      | Reduced skill Spellcasting to level 3
  7666 | D:7      | Reduced skill Necromancy to level 10
  7666 | D:7      | Reduced skill Evocations to level 2
  7666 | D:7      | Reached * piety under Ru
  8718 | D:8      | Noticed an elephant
  8737 | D:8      | HP: 7/74 [elephant (6)]
  8738 | D:8      | HP: 2/74 [bullfrog (2)]
  8739 | D:8      | Succumbed to an orc's poison

Vanquished Creatures
  A komodo dragon (D:8)
  2 water moccasins (D:7)
  3 orc warriors
  2 black bears
  2 ice beasts
  A sky beast (D:6)
  A wolf (D:7)
  5 ogres
  2 centaurs (D:5)
  2 phantoms
  A bullfrog (D:8)
  A gnoll sergeant (D:8)
  3 scorpions
  4 wights (D:8)
  5 killer bees
  3 electric eels (D:6)
  5 howler monkeys (D:7)
  2 vampire bats (D:3)
  3 hounds
  4 orc priests
  2 gnoll boudas (D:7)
  2 jellies (D:6)
  5 iguanas
  An orc wizard (D:7)
  7 gnolls
  8 adders
  A shadow imp (D:6)
  A white imp (D:6)
  2 dart slugs
  24 orcs
  5 bats
  3 bat skeletons (D:3)
  2 bat zombies (D:3)
  10 endoplasms
  4 giant cockroaches
  9 goblins
  11 hobgoblins
  3 quokkas
  7 ball pythons
  6 frilled lizards
  8 kobolds
  6 rats
179 creatures vanquished.

Vanquished Creatures (collateral kills)
  A cyclops (D:7)
  An orc warrior (D:7)
  2 ogres (D:7)
  A centaur (D:7)
  2 kobold brigands (D:7)
  An orc priest (D:7)
  A sleepcap (D:7)
  An orc (D:8)
  A frilled lizard (D:3)
11 creatures vanquished.

Vanquished Creatures (others)
  A bullfrog zombie (D:8)
  An ogre zombie (D:7)
  5 gnoll zombies
  2 orc zombies (D:8)
9 creatures vanquished.

Grand Total: 199 creatures vanquished

Table legend: (Time is in decaauts)
 A = Elapsed time spent in this place.
 B = Non-inter-level travel time spent in this place.
 C = Inter-level travel time spent in this place.
 D = Time resting spent in this place.
 E = Time spent auto-exploring this place.
 F = Levels seen in this place.
 G = Mean time per level.
                   A        B        C        D        E       F      G
               +--------+--------+--------+--------+--------+-----+--------+
         Total |   8765 |   8479 |    286 |   1944 |   4870 |   9 |  973.9 |
       Dungeon |   8719 |   8439 |    280 |   1944 |   4870 |   8 | 1089.9 |
        Temple |     45 |     40 |      5 |      0 |      0 |   1 |   45.0 |
               +--------+--------+--------+--------+--------+-----+--------+

Top non-repeatable levels by time:
     D:7: 1900 daAuts
     D:6: 1699 daAuts
     D:2: 1286 daAuts
     D:5: 1022 daAuts
     D:4: 1011 daAuts
     D:3: 787 daAuts
     D:1: 722 daAuts
     D:8: 288 daAuts
  Temple: 45 daAuts

Table legend:
 A = Non-vault XP
 B = Vault XP
 C = Vault XP percentage of total XP
 D = Non-vault monster count
 E = Vault monster count
 F = Vault count percentage of total count
                 A         B        C        D         E       F
            +---------+---------+-------+---------+---------+-------
      Total |    3801 |    3063 |  44.6 |     150 |      40 |  21.1
            +---------+---------+-------+---------+---------+-------
        D:1 |      42 |       0 |   0.0 |      23 |       0 |   0.0
        D:2 |      60 |       0 |   0.0 |      23 |       0 |   0.0
        D:3 |      58 |     122 |  67.8 |      20 |       7 |  25.9
        D:4 |     116 |       0 |   0.0 |      16 |       0 |   0.0
        D:5 |     902 |     123 |  12.0 |      16 |       2 |  11.1
        D:6 |     918 |       0 |   0.0 |      20 |       0 |   0.0
        D:7 |     854 |    2093 |  71.0 |      14 |      27 |  65.9
        D:8 |     851 |     725 |  46.0 |      18 |       4 |  18.2
            +---------+---------+-------+---------+---------+-------
